Map: Berlingrad LE

Players

Bunny - Winner!

  • Race: Terran Terran

Liquidthermy (uThermal)

  • Race: Terran Terran

VOD

Have the link to the VOD?

Description

Time

  • Played on: Oct. 21, 2021, 9:32 a.m.
  • Length: 7:07
Show
View Real Time Build Order
Export as new Build Order

Bunny Terran - Winner!

Build Orders:  

Get SALT Encoding   

  12  0:00  SCV  
  13  0:12  SCV  
  14  0:17  Supply Depot  
  14  0:24  SCV  
  15  0:39  SCV  
  15  0:40  Barracks  
  16  0:43  Refinery  
  16  0:51  SCV  
  16  0:52  Refinery  
  17  1:03  SCV  
  18  1:15  SCV  
  19  1:27  Reaper, Orbital Command  
  19  1:28  Supply Depot  
  20  1:41  Factory  
  20  1:53  SCV  
  21  1:59  Reaper  
  22  2:05  SCV  
  23  2:17  SCV  
  23  2:21  Command Center  
  24  2:26  Hellion  
  24  2:29  SCV  
  27  2:33  Barracks Reactor  
  27  2:38  Supply Depot  
  27  2:41  SCV  
  28  2:47  Factory Tech Lab  
  28  2:51  Starport  
  28  3:02  SCV  
  28  3:09  Cyclone  
  28  3:11  Marine x2  
  33  3:14  SCV  
  34  3:26  SCV  
  35  3:29  Marine x2  
  35  3:30  Medivac  
  39  3:36  Orbital Command  
  39  3:38  SCV  
  40  3:46  Cyclone  
  40  3:47  Marine  
  44  3:49  Marine  
  44  3:51  SCV  
  46  4:02  SCV  
  47  4:03  Starport Tech Lab, SCV  
  47  4:05  Marine  
  47  4:07  Marine  
  49  4:14  SCV  
  49  4:15  SCV  
  51  4:21  Refinery  
  51  4:22  Supply Depot  
  51  4:23  Marine  
  52  4:24  Raven  
  52  4:30  Supply Depot  
  54  4:39  Command Center  
  54  4:43  Marine x2, SCV x2, Refinery  
  58  4:48  Siege Tank  
  61  4:58  SCV x2  
  58  5:01  Marine x2  
  58  5:12  SCV x2  
  60  5:16  Supply Depot  
  60  5:17  Supply Depot  
  60  5:19  Marine x2, Raven  
  60  5:21  Siege Tank  
  67  5:24  SCV x2  
  69  5:32  Supply Depot  
  69  5:36  SCV  
  69  5:37  Marine x2, SCV  
  69  5:39  Supply Depot  
  69  5:42  Supply Depot  
  73  5:50  SCV x2  
  73  5:51  Orbital Command  
  73  5:55  Siege Tank  
  78  6:02  SCV x2  
  80  6:07  Supply Depot  
  80  6:09  Viking  
  80  6:10  Viking  
  84  6:15  Marine  
  85  6:21  Orbital Command  
  84  6:26  SCV x2  
  84  6:27  Siege Tank  
Show
View Real Time Build Order
Export as new Build Order

Liquidthermy Terran 

Build Orders:  

Get SALT Encoding   

  12  0:00  SCV  
  13  0:12  SCV  
  14  0:17  Supply Depot  
  14  0:24  SCV  
  15  0:38  SCV  
  15  0:39  Barracks  
  15  0:42  Refinery  
  16  0:50  SCV  
  16  0:52  Refinery  
  17  1:02  SCV  
  18  1:14  SCV  
  19  1:26  Reaper  
  19  1:27  Orbital Command  
  19  1:28  Supply Depot  
  20  1:43  Factory  
  20  1:52  SCV  
  21  1:58  Barracks Reactor  
  21  2:04  SCV  
  22  2:16  SCV  
  23  2:23  Command Center  
  23  2:29  Hellion  
  25  2:31  SCV  
  25  2:35  Reaper  
  25  2:36  Reaper  
  28  2:43  Supply Depot  
  28  2:44  SCV  
  28  2:50  Hellion  
  31  3:05  SCV  
  32  3:07  Starport  
  32  3:09  Reaper  
  32  3:15  Reaper  
  32  3:17  SCV  
  32  3:19  Hellion  
  36  3:29  SCV  
  37  3:36  Orbital Command  
  37  3:41  Marine, SCV  
  38  3:43  Factory Tech Lab  
  38  3:45  Starport Tech Lab  
  38  3:47  Marine  
  40  3:53  SCV  
  40  3:55  Refinery  
  41  3:59  Marine  
  42  4:04  Cyclone  
  42  4:05  SCV  
  46  4:10  Raven  
  46  4:11  Marine  
  46  4:14  SCV  
  46  4:16  Marine  
  49  4:17  SCV  
  49  4:20  Supply Depot  
  51  4:26  SCV  
  51  4:29  Marine, SCV  
  54  4:36  Supply Depot  
  54  4:41  Marine, Siege Tank, SCV  
  54  4:43  SCV  
  60  4:47  Marine  
  59  4:55  SCV  
  59  4:57  Raven  
  59  4:59  Marine, SCV  
  52  5:05  Marine  
  53  5:13  Siege Tank  
  55  5:14  SCV  
  55  5:16  SCV  
  55  5:17  Marine, Supply Depot  
  58  5:26  Marine  
  58  5:27  SCV, Command Center  
  61  5:28  SCV  
  61  5:35  Refinery  
  62  5:39  SCV  
  62  5:40  SCV  
  63  5:46  Siege Tank  
  66  5:51  Supply Depot, SCV  
  66  5:52  Viking x2, SCV  
  72  6:02  Factory  
  72  6:03  SCV  
  73  6:04  SCV  
  74  6:14  Supply Depot, Engineering Bay  
  74  6:15  SCV  
  74  6:16  SCV  
  74  6:18  Siege Tank  
  79  6:22  Viking  
  81  6:26  Viking  
  81  6:27  SCV  
  81  6:29  SCV  
  85  6:39  SCV  
  85  6:46  SCV  
Tags
 
Add a new tag
Caveats
  • Supply blocks, unpowered buildings, or Contaminate may cause inaccurate times.
  • Supply counts are checked every 10 seconds.